 Dungeon Crawl Stone Soup version 0.24-a0-29-g43a6aff (console) character file.

Game seed: 5942736780189294802

151 Duffy the Chopper (level 5, -1/73 HPs)
             Began as a Naga Fighter on Feb 2, 2019.
             Slain by an orc
             ... wielding a +0 trident
              (2 damage)
             ... on level 3 of the Dungeon.
             The game lasted 00:01:03 (966 turns).

Duffy the Chopper (Naga Fighter)                     Turns: 966, Time: 00:01:04

Health: -1/73      AC: 22    Str: 21    XL:     5   Next: 33%
Magic:  5/5        EV:  1    Int:  8    God:
Gold:   26         SH:  9    Dex: 11    Spells: 4/4 levels left

rFire    . . .     SeeInvis +   a - +0 war axe
rCold    . . .     Gourm    .   c - +0 shield
rNeg     + + +     Faith    .   (armour currently unavailable)
rPois    +         Spirit   .   (helmet currently unavailable)
rElec    .         Reflect  .   (cloak currently unavailable)
rCorr    .         Harm     .   (gloves currently unavailable)
MR       .....     NoTele   +   (no barding)
Stlth    +.........             (no amulet)
HPRegen  0.22/turn              e - ring of positive energy
MPRegen  0.09/turn              (no ring)

@: lethally poisoned (-1 -> -2), tree-form
A: large, see invisible, slow metabolism 1, spit poison 1, strong 1, AC +1
a: Spit Poison


You were on level 3 of the Dungeon.
You were not hungry.
You were a tree.
You visited 1 branch of the dungeon, and saw 3 of its levels.

You collected 26 gold pieces.

Inventory:

Hand Weapons
 a - a +0 war axe (weapon)
Armour
 b - a +0 scale mail
 c - a +0 shield (worn)
 o - a cursed -1 chain mail (melded)
Jewellery
 e - a ring of positive energy (left branch)
Scrolls
 g - a scroll of immolation {unknown}
 h - a scroll of blinking {unknown}
 i - a scroll of amnesia {unknown}
 j - 2 scrolls of teleportation {unknown}
 k - 2 scrolls of fog {unknown}
Potions
 d - a potion of might
Comestibles
 f - 4 rations
 n - 3 chunks of flesh


   Skills:
 - Level 3.0 Fighting
 + Level 4.0 Axes
 - Level 2.4 Armour
 + Level 3.8 Shields


You had 4 spell levels left.
You didn't know any spells.
Your spell library was empty.

Dungeon Overview and Level Annotations

Branches:
Dungeon (3/15)

Altars:


Innate Abilities, Weirdness & Mutations

You cannot wear boots.
((Your serpentine skin is tough. (AC +1)))
You have supernaturally acute eyesight. (SInv)
((Armour fits poorly on your strangely shaped body.))
((Your system is resistant to poisons. (rPois)))
((You cover ground very slowly.))
You have a slow metabolism.
You can spit poison.
((You can translocate small distances at will.))
Your muscles are strong. (Str +2)


Message History

You hit the orc.
You feel sick. The orc hits you but does no damage. x2
You block the orc's attack. x2
You hit the orc.
The orc is severely wounded.
You hit the orc. You hit the orc wizard. The orc hits you with a +0 hand axe.
The orc wizard hits you but does no damage.
The orc hits you but does no damage. x3
The orc wizard gestures wildly while chanting.
The orc wizard blinks!
You barely miss the orc.
The orc is severely wounded.
You hit the orc.
You kill the orc!
The orc barely misses you. The orc hits you with a +0 hand axe.
You slash the orc!
You kill the orc!
You feel sick. You block the orc's attack.
You barely miss the orc wizard.
The orc hits you from afar with a +0 trident.
You die...

.##..####..... #.........
............. #.........
............# #.........
............# #.........
............# #.........
............# ##.#######
...o....o...# #.#
.......o))..######.#
........7)..#......#######
.......)....#.............
########'####.....########
.........................
########.###.....##.##...
###.................
#............#.##...
#............#.##...
#............#.####.


You could see 2 orc wizards and an orc.

Vanquished Creatures
  3 orc wizards (D:3)
  3 adders
  2 worms
  2 dart slugs
  A leopard gecko (D:3)
  6 orcs (D:3)
  3 goblins (D:3)
  2 hobgoblins
  4 jackals (D:1)
  2 ball pythons (D:3)
  2 bats
  2 frilled lizards
  A kobold (D:1)
  A rat (D:1)
34 creatures vanquished.

Notes
Turn   | Place    | Note
-------+----------+-------------------------------------------
     0 | D:1      | Duffy the Naga Fighter began the quest for the Orb.
     0 | D:1      | Reached XP level 1. HP: 21/21 MP: 1/1
    76 | D:1      | Reached XP level 2. HP: 20/28 MP: 2/2
   486 | D:2      | Reached XP level 3. HP: 33/34 MP: 3/3
   781 | D:3      | Reached skill level 3 in Axes
   814 | D:3      | Reached XP level 4. HP: 35/42 MP: 4/4
   943 | D:3      | Gained mutation: Your muscles are strong. (Str +2) [potion
                  | of mutation]
   943 | D:3      | Gained mutation: You can translocate small distances at
                  | will. [potion of mutation]
   955 | D:3      | Reached skill level 4 in Axes
   955 | D:3      | Reached XP level 5. HP: 8/49 MP: 5/5
   964 | D:3      | HP: 1/73 [orc/+0 hand axe (3)]
   966 | D:3      | Slain by an orc

Vault maps used:
D:1:      sevenhm_arrival_forest_fort_large_4, serial_forest,
          infiniplex_forest_split, infiniplex_forest_straight_2,
          infiniplex_forest_diagonal, infiniplex_forest_zigzag_2,
          infiniplex_forest_end_2, infiniplex_forest_lined_4_way,
          infiniplex_forest_clump_C, infiniplex_forest_lined_2
D:2:      overflow_temple_1_default, lemuel_coloured_pillars_altar, st_stairs_10

Skill      XL: |  1  2  3  4 |
---------------+-------------+-----
Shields        | 3 |  3.8
Axes           | 3 4 |  4.0
Fighting       | |  3.0
Armour         | |  2.4

Action                   |  1- 3 |  4- 6 || total
-------------------------+-------+-------++-------
Melee: War axe           |    60 |    21 ||    81
 Abil: Spit Poison       |     3 |       ||     3
  Use: Potion            |       |     2 ||     2
Armor: Scale mail        |    32 |       ||    32
       Skin              |       |    54 ||    54
       Chain mail        |       |     5 ||     5
Dodge: Dodged            |    12 |     6 ||    18
Block: Shield            |    28 |    24 ||    52

Table legend:
 A = Non-vault XP
 B = Vault XP
 C = Vault XP percentage of total XP
 D = Non-vault monster count
 E = Vault monster count
 F = Vault count percentage of total count
                 A         B        C        D         E       F
            +---------+---------+-------+---------+---------+-------
      Total |     217 |       0 |   0.0 |      34 |       0 |   0.0
            +---------+---------+-------+---------+---------+-------
        D:1 |      11 |       0 |   0.0 |       7 |       0 |   0.0
        D:2 |      27 |       0 |   0.0 |       6 |       0 |   0.0
        D:3 |     179 |       0 |   0.0 |      21 |       0 |   0.0
            +---------+---------+-------+---------+---------+-------
